 Dungeon Crawl Stone Soup version 0.19-a0-1899-g2d93087 (webtiles) character file.

64906 Lochraine the Severer (level 15, 0/120 HPs)
             Began as a Formicid Fighter on Oct 20, 2016.
             Was a High Priest of Nemelex Xobeh.
             Slain by a merfolk impaler
             ... wielding a +0 demon trident of freezing
              (3 damage)
             ... on level 4 of the Shoals on Oct 21, 2016.
             The game lasted 02:19:52 (20216 turns).

Lochraine the Severer (Formicid Fighter)           Turns: 20216, Time: 02:19:54

Health: 0/120      AC: 14    Str: 21    XL:     15   Next: 56%
Magic:  0/28       EV: 18    Int:  9    God:    Nemelex Xobeh [*****.]
Gold:   1451       SH: 12    Dex: 17    Spells: 0 memorised, 14 levels left

rFire  . . .     SeeInvis +     j - +0 executioner's axe (flame)
rCold  . . .     Gourm    .     A - +4 moon troll leather armour {Spirit, Regen++ MP+5}
rNeg   . . .     Faith    +     c - +0 shield
rPois  +         Spirit   +     (helmet unavailable)
rElec  .         Reflect  .     F - +2 cloak
rCorr  .         Harm     .     (no gloves)
MR     ++...                    V - +0 pair of boots
Stlth  ++........               H - amulet of faith
                                w - ring of poison resistance
                                M - ring of protection from magic

@: lethally poisoned (0 -> -4), mesmerised
A: permanent stasis, dig shafts and tunnels, four strong arms, antennae 3, thin
skeletal structure 1
a: Dig, Shaft Self, Triple Draw, Deal Four, Stack Five, Renounce Religion


You were on level 4 of the Shoals.
You worshipped Nemelex Xobeh.
Nemelex Xobeh was extremely pleased with you.
You were not hungry.

You visited 5 branches of the dungeon, and saw 24 of its levels.

You collected 1781 gold pieces.
You spent 330 gold pieces at shops.

Inventory:

Hand Weapons
 j - a +0 executioner's axe of flaming (weapon)
Armour
 c - a +0 shield (worn)
 q - a +1 leather armour of cold resistance
 s - the +1 scale mail of Qyomysob {rElec rPois MP+9 Dex-5}
   (You found it on level 2 of the Shoals)

   It affects your dexterity (-5).
   It insulates you from electricity.
   It protects you from poison.
   It affects your magic capacity (+9).
 A - the +4 moon troll leather armour (worn) {Spirit, Regen++ MP+5}
   (You found it on level 5 of the Dungeon)

   It affects your magic capacity (+5).
   It increases your rate of regeneration.
 F - a +2 cloak (worn)
 Q - a +4 plate armour
 V - a +0 pair of boots (worn)
Jewellery
 a - an uncursed ring of fire
 p - an uncursed ring of ice
 w - a ring of poison resistance (right hand)
 H - an amulet of faith (around neck)
 M - a ring of protection from magic (left hand)
 N - an uncursed ring of resist corrosion
Wands
 k - a wand of acid (6/15)
 O - a wand of teleportation (5/9)
 Z - a wand of lightning (9/15)
Scrolls
 h - 8 scrolls of recharging
 i - 3 scrolls of remove curse
 r - a scroll of magic mapping
 u - 4 scrolls of identify
 y - a scroll of fog
Potions
 b - a potion of cancellation
 d - 3 potions of might
 e - 2 potions of magic {unknown}
 g - a potion of curing
 m - 2 potions of resistance
 o - 2 potions of brilliance
 x - 2 potions of flight
 B - 2 potions of ambrosia
 G - 3 potions of agility
Miscellaneous
 z - an ornate deck of destruction {Pain, left: 4}
 E - an ornate deck of destruction {drawn: 1}
 I - a legendary deck of summoning {drawn: 9}
 L - a plain deck of destruction {drawn: 3}
 P - a legendary deck of summoning
 R - a legendary deck of escape
 S - a legendary deck of summoning
 T - a legendary deck of destruction
 U - a legendary deck of destruction {drawn: 1}
 W - an ornate deck of escape {drawn: 4}
 X - an ornate deck of escape {the Tomb, left: 1}
 Y - a plain deck of escape {drawn: 5}
Comestibles
 f - 18 bread rations
 l - a royal jelly
 n - 3 beef jerkies
 v - 12 meat rations
 C - 3 chunks of flesh
 D - 15 fruits
 J - 2 slices of pizza


   Skills:
 + Level 11.9 Fighting
 - Level 15.5 Axes
 - Level 10.0 Armour
 - Level 9.0 Dodging
 - Level 5.4 Stealth
 - Level 9.5 Shields
 - Level 11.8 Invocations


You had 14 spell levels left.
You didn't know any spells.

Dungeon Overview and Level Annotations

Branches:
Dungeon (11/15)            Temple (1/1) D:4            Lair (6/6) D:11
 Shoals (4/4) Lair:2       Spider (0/4) Lair:4        Slime (0/5) Lair:6
    Orc (2/2) D:9             Elf (0/3) Orc:2

Altars:
Ashenzari
Cheibriados
Dithmenos
Elyvilon
Fedhas
Gozag
Hepliaklqana
Kikubaaqudgha
Makhleb
Nemelex Xobeh
Okawaru
Qazlal
Ru
Sif Muna
Trog
Uskayaw
Vehumet
Xom
Yredelemnul
Zin
The Shining One
Beogh

Shops:
D:5 [   Orc:2 }==}?}[

Annotations:
Shoals:1 exclusion: Roxanne, Roxanne
Shoals:4 Ilsuiw


Innate Abilities, Weirdness & Mutations

You are under a permanent stasis effect.
You can dig through walls and to a lower floor.
Your four strong arms can wield two-handed weapons with a shield.
You have a pair of large antennae on your head. (SInv)
You have a somewhat thin skeletal structure. (Dex +2, Stealth)


Message History

You are more poisoned.
You block the merfolk impaler's attack. Something hits your rakshasa!
The faun is struck by lightning.
You block the faun's attack.
The sea snake closely misses your ufetubus.
The merfolk hits you from afar with a trident.
* * * LOW HITPOINT WARNING * * *
Your ufetubus misses the sea snake. Your ufetubus hits the sea snake.
The merfolk hits your rakshasa with a spear!
You block the merfolk aquamancer's attack.
The water nymph gestures at you while chanting.
The water swirls and strikes you!
* * * LOW HITPOINT WARNING * * *
The satyr shoots an arrow.
The arrow hits your ufetubus!!
Your ufetubus dies!
You hear a splash.
The merfolk impaler hits you with a demon trident of freezing!
* * * LOW HITPOINT WARNING * * *
The merfolk impaler freezes you.
You die...
Your body glows slightly and disappears.

#(.......#...≈≈≈.
.......m..§...≈≈c...
....[..<§m...≈≈≈≈...
≈≈≈≈≈§.(((§m{≈≈≈c≈≈.
≈≈≈≈≈≈≈§m.mm{mR.≈≈≈≈
≈≈≈≈≈≈≈≈≈R§.##c...≈.
≈≈≈≈≈§≈≈≈§mk(.m...mm
≈≈≈≈≈≈≈≈≈≈(mkmcm....
≈≈≈≈≈≈≈≈≈≈cc@§mE.t..
≈≈≈≈≈≈≈≈≈≈≈5S9......
≈≈≈≈≈≈≈≈≈355#......
≈≈≈≈≈≈5≈.#...$..
≈≈≈≈≈≈≈≈≈. .....
≈≈≈≈≈≈≈l≈. ...≈≈
≈≈≈≈≈≈≈≈≈≈≈ ≈≈≈≈
≈≈≈≈≈≈h≈≈≈ ≈≈≈≈


You could see Ilsuiw, a merfolk avatar, a merfolk impaler, 2 merfolk
javelineers, 2 satyrs, a sea snake, a merfolk aquamancer, a snapping turtle, a
wind drake, 5 merfolk, 4 fauns, a water elemental, 2 sirens, a water nymph, 2
friendly rakshasas, a friendly wind drake (fleeing), a friendly polar bear
(fleeing), a friendly ynoxinul, a friendly molten gargoyle, a friendly wyvern
(fleeing) and 4 friendly ufetubi.

Vanquished Creatures
  Rupert (Orc:2)
  Louise (Shoals:1)
  3 dire elephants (Lair:6)
  The ghost of epen the Impaler, a journeyman MfMo of Trog (Lair:6)
  Josephine (Orc:1)
  2 merfolk impalers
  Fannar (Orc:1)
  A death yak (Orc:1)
  3 sea snakes
  7 harpies
  A cyclops (Shoals:2)
  An orc sorcerer (Orc:2)
  6 manticores
  5 sirens
  6 elephants (Lair:6)
  Joseph (D:8)
  2 black mambas
  A water nymph (Shoals:1)
  6 spiny frogs
  6 komodo dragons
  A rime drake (Lair:5)
  9 merfolk
  4 trolls
  2 slime creatures (Lair:6)
  2 snapping turtles
  7 hippogriffs
  3 blink frogs (Lair:4)
  4 water elementals
  A redback (Lair:4)
  5 wyverns
  3 basilisks
  17 yaks
  5 wraiths (Orc:1)
  A hungry ghost (D:11)
  2 wargs
  A faun zombie (Shoals:3)
  5 porcupines
  5 water moccasins
  2 ice beasts
  A sky beast (D:8)
  8 orc warriors
  A swamp drake (Orc:2)
  7 ogres
  4 phantoms
  A black bear (D:6)
  A necrophage (D:6)
  4 centaurs
  9 wolves (Lair:2)
  8 crocodiles
  8 bullfrogs
  4 scorpions
  3 killer bees (D:11)
  2 howler monkeys
  The ghost of Lochraine the Ducker, a weakling TeMo (D:3)
  4 crimson imps
  2 centaur zombies
  A bullfrog zombie (D:5)
  5 jellies
  5 hounds
  9 orc priests
  9 orc wizards
  2 centaur skeletons
  An iron imp (D:5)
  3 bullfrog skeletons
  Jessica (D:2)
  A gnoll shaman (D:8)
  3 iguanas
  9 worker ants
  A killer bee zombie (D:6)
  A hound zombie (D:8)
  2 hound skeletons (D:5)
  A worker ant zombie (D:10)
  7 gnolls
  14 adders
  3 shadow imps
  2 adder skeletons
  4 worms
  2 dart slugs
  4 leopard geckos
  50 orcs
  5 ball pythons
  5 giant cockroaches
  9 goblins
  7 hobgoblins
  3 jackals
  7 quokkas
  7 bats
  3 frilled lizards
  10 kobolds
  A leopard gecko zombie (D:7)
  7 rats
  3 fungi
  13 plants
423 creatures vanquished.

Vanquished Creatures (collateral kills)
  The ghost of HEYYEYAAE the Basher, a journeyman TrBe of Trog (Lair:6)
  3 dire elephants (Lair:6)
  The ghost of Enish the Slicer, a journeyman HEAK of Lugonu (Lair:6)
  A merfolk impaler (Shoals:2)
  A merfolk javelineer (Shoals:1)
  An anaconda (Lair:6)
  An alligator snapping turtle (Shoals:3)
  A merfolk aquamancer (Shoals:3)
  A satyr (Shoals:3)
  2 orc high priests (Orc:2)
  A sea snake (Shoals:1)
  A harpy (Shoals:3)
  4 orc knights (Orc:2)
  An ugly thing (D:10)
  3 manticores
  7 fauns
  A cyclops (Shoals:3)
  2 orc sorcerers (Orc:2)
  3 elephants (Lair:6)
  2 water nymphs
  A komodo dragon (Lair:1)
  A sea snake zombie (Shoals:3)
  11 merfolk
  2 hippogriffs
  A wind drake (Shoals:1)
  3 dream sheep (Shoals:3)
  A merfolk zombie (Shoals:3)
  5 water elementals (Shoals:3)
  A wind drake zombie (Shoals:3)
  4 yaks
  4 orc warriors
  An ice beast (D:11)
  2 centaurs
  3 ogres
  A scorpion (D:10)
  4 wights (D:9)
  A bullfrog skeleton (D:10)
  3 orc priests
  6 orc wizards
  A worker ant (D:9)
  A hound skeleton (D:10)
  A white imp (D:11)
  7 orcs
  A kobold (D:11)
  A fungus (Lair:6)
  3 plants (Shoals:3)
108 creatures vanquished.

Vanquished Creatures (others)
  An elephant (Lair:6)
  An orc priest (Orc:2)
  A ball lightning (Lair:4)
  7 fungi
  18 plants
28 creatures vanquished.

Grand Total: 559 creatures vanquished

Notes
Turn   | Place    | Note
-------+----------+-------------------------------------------
     0 | D:1      | Lochraine the Formicid Fighter began the quest for the Orb.
     0 | D:1      | Reached XP level 1. HP: 18/18 MP: 1/1
   126 | D:1      | Reached XP level 2. HP: 11/24 MP: 2/2
   858 | D:2      | Reached XP level 3. HP: 21/29 MP: 3/3
  1029 | D:2      | Found a radiant altar of Vehumet.
  1088 | D:2      | Found a hazy altar of Hepliaklqana.
  1183 | D:2      | Reached skill level 3 in Axes
  1408 | D:2      | Noticed Jessica
  1427 | D:2      | Killed Jessica
  1427 | D:2      | Reached XP level 4. HP: 34/37 MP: 4/4
  1533 | D:2      | Reached skill level 1 in Stealth
  1818 | D:2      | Reached XP level 5. HP: 28/42 MP: 5/5
  2265 | D:3      | Noticed Lochraine's ghost (weakling TeMo)
  2603 | D:3      | Killed Lochraine's ghost
  2631 | D:3      | Reached XP level 6. HP: 45/48 MP: 6/6
  3113 | D:3      | Noticed an ice beast
  3127 | D:3      | Killed an ice beast
  3127 | D:3      | Reached skill level 4 in Axes
  3127 | D:3      | Reached skill level 5 in Shields
  3127 | D:3      | Reached XP level 7. HP: 30/55 MP: 7/7
  3249 | D:4      | Found a staircase to the Ecumenical Temple.
  3258 | Temple   | Entered the Ecumenical Temple
  3442 | Temple   | Became a worshipper of Nemelex Xobeh the Trickster
  3603 | D:4      | Received a gift from Nemelex Xobeh
  4276 | D:5      | Entered Level 5 of the Dungeon
  4546 | D:5      | Found an iron altar of Okawaru.
  4561 | D:5      | Reached skill level 1 in Dodging
  4699 | D:5      | Reached skill level 1 in Invocations
  5178 | D:5      | Found Heewn's Antique Armour Shoppe.
  5222 | D:5      | Found a snail-covered altar of Cheibriados.
  5229 | D:5      | Reached skill level 5 in Axes
  5229 | D:5      | Reached XP level 8. HP: 56/61 MP: 9/9
  5325 | D:6      | Reached skill level 5 in Armour
  5441 | D:6      | Reached skill level 5 in Fighting
  5484 | D:6      | Reached skill level 6 in Axes
  5634 | D:6      | Reached * piety under Nemelex Xobeh
  5711 | D:6      | Reached XP level 9. HP: 64/69 MP: 11/11
  5852 | D:6      | Noticed a hippogriff
  5917 | D:6      | Killed a hippogriff
  5917 | D:6      | Reached skill level 7 in Axes
  6213 | D:7      | Received a gift from Nemelex Xobeh
  6566 | D:7      | Reached ** piety under Nemelex Xobeh
  6575 | D:7      | Reached skill level 5 in Invocations
  6649 | D:7      | Reached skill level 8 in Axes
  6766 | D:7      | Received a gift from Nemelex Xobeh
  7102 | D:7      | Found a shadowy altar of Dithmenos.
  7208 | D:8      | Noticed Joseph
  7222 | D:8      | Killed Joseph
  7222 | D:8      | Reached XP level 10. HP: 49/79 MP: 8/14
  7359 | D:8      | You fall through a shaft!
  7437 | D:8      | Found a burning altar of Makhleb.
  7700 | D:8      | Reached skill level 9 in Axes
  8011 | D:9      | Found a staircase to the Orcish Mines.
  8011 | D:9      | Reached *** piety under Nemelex Xobeh
  8052 | D:9      | HP: 4/80 [merfolk/spear (18)]
  8557 | D:9      | Received a gift from Nemelex Xobeh
  8640 | D:9      | Found a shattered altar of Ashenzari.
  9325 | D:10     | Entered Level 10 of the Dungeon
  9404 | D:10     | Reached skill level 10 in Axes
  9421 | D:10     | Reached **** piety under Nemelex Xobeh
  9461 | D:10     | Received a gift from Nemelex Xobeh
  9822 | D:10     | Noticed a red ugly thing
  9826 | D:10     | Killed a red ugly thing
  9826 | D:10     | Reached XP level 11. HP: 65/86 MP: 16/16
 10116 | D:11     | Received a gift from Nemelex Xobeh
 10233 | D:11     | Noticed a flayed ghost
 10233 | D:11     | Noticed a cyclops
 10365 | D:11     | Found a staircase to the Lair.
 10366 | D:11     | Reached ***** piety under Nemelex Xobeh
 10374 | Lair:1   | Entered Level 1 of the Lair of Beasts
 10437 | Lair:1   | Reached skill level 12 in Axes
 10437 | Lair:1   | Reached XP level 12. HP: 92/92 MP: 17/17
 10876 | Lair:1   | Received a gift from Nemelex Xobeh
 11395 | Lair:2   | Received a gift from Nemelex Xobeh
 11511 | Lair:2   | Received a gift from Nemelex Xobeh
 11590 | Lair:2   | Found a staircase to the Shoals.
 11724 | Lair:2   | Received a gift from Nemelex Xobeh
 12093 | Lair:3   | Reached skill level 13 in Axes
 12469 | Lair:3   | Found a dark tunnel.
 12767 | Lair:4   | Found a hole to the Spider Nest.
 12781 | Lair:4   | Received a gift from Nemelex Xobeh
 12832 | Lair:4   | Reached ****** piety under Nemelex Xobeh
 13533 | Lair:5   | Received a gift from Nemelex Xobeh
 13578 | Lair:5   | Reached XP level 13. HP: 75/98 MP: 16/20
 13740 | Lair:5   | Received a gift from Nemelex Xobeh
 14153 | Lair:6   | Entered Level 6 of the Lair of Beasts
 14252 | Lair:6   | Noticed epen's ghost (journeyman MfMo)
 14267 | Lair:6   | Killed epen's ghost
 14267 | Lair:6   | Reached skill level 10 in Invocations
 14312 | Lair:6   | Reached skill level 14 in Axes
 14362 | Lair:6   | Received a gift from Nemelex Xobeh
 14401 | Lair:6   | Noticed Enish's ghost (journeyman HEAK)
 14420 | Lair:6   | Found a staircase to the Slime Pits.
 14482 | Lair:6   | Killed Enish's ghost
 14649 | Lair:6   | Noticed HEYYEYAAE's ghost (journeyman TrBe)
 14656 | Lair:6   | Noticed an anaconda
 14671 | Lair:6   | Killed HEYYEYAAE's ghost
 14674 | Lair:6   | Killed an anaconda
 14675 | Lair:6   | Noticed a dire elephant
 14688 | Lair:6   | Killed a dire elephant
 14723 | Lair:6   | Noticed a dire elephant
 14731 | Lair:6   | Killed a dire elephant
 14745 | Lair:6   | Noticed a dire elephant
 14757 | Lair:6   | Killed a dire elephant
 14771 | Lair:6   | Gained mutation: You have a somewhat thin skeletal structure. (Dex +2, Stealth) [potion of beneficial mutation]
 15136 | Lair:6   | Noticed a dire elephant
 15149 | Lair:6   | Killed a dire elephant
 15230 | Lair:6   | Noticed a dire elephant
 15235 | Lair:6   | Killed a dire elephant
 15399 | Lair:6   | Noticed a dire elephant
 15409 | Lair:6   | Killed a dire elephant
 15409 | Lair:6   | Reached XP level 14. HP: 41/106 MP: 9/22
 15606 | D:11     | Reached skill level 15 in Axes
 15696 | Orc:1    | Entered Level 1 of the Orcish Mines
 15696 | Orc:1    | Found a roughly hewn altar of Beogh.
 15696 | Orc:1    | Noticed an orc warlord
 15697 | Orc:1    | an orc warlord changed into a death yak
 15704 | Orc:1    | Reached skill level 10 in Armour
 15857 | Orc:1    | Received a gift from Nemelex Xobeh
 15886 | Orc:1    | Noticed Josephine
 15897 | Orc:1    | Killed Josephine
 16010 | Orc:1    | Noticed Fannar
 16045 | Orc:1    | Killed Fannar
 16280 | Orc:2    | Entered Level 2 of the Orcish Mines
 16280 | Orc:2    | Found Jejuywi's Jewellery Shoppe.
 16305 | Orc:2    | Found Yjuon's Gadget Shoppe.
 16314 | Orc:2    | Found a staircase to the Elven Halls.
 16452 | Orc:2    | Received a gift from Nemelex Xobeh
 16464 | Orc:2    | Found Cayd's Jewellery Boutique.
 16465 | Orc:2    | Noticed Rupert
 16484 | Orc:2    | Killed Rupert
 16774 | Orc:2    | Reached skill level 5 in Dodging
 17019 | Orc:2    | Found Hadafaeh's Gadget Emporium.
 17019 | Orc:2    | Found Ubougo's Armour Shop.
 17025 | Orc:2    | Found Fumalagam's Gadget Shop.
 17025 | Orc:2    | Found Neogeupo's Magic Scroll Emporium.
 17036 | Orc:2    | Bought a scroll of identify for 30 gold pieces
 17036 | Orc:2    | Bought a scroll of brand weapon for 300 gold pieces
 17460 | Shoals:1 | Entered Level 1 of the Shoals
 17470 | Shoals:1 | Noticed Louise
 17497 | Shoals:1 | Killed Louise
 17731 | Shoals:1 | You fall through a shaft!
 17825 | Shoals:2 | Received a gift from Nemelex Xobeh
 18035 | Shoals:1 | Received a gift from Nemelex Xobeh
 18144 | Shoals:1 | Noticed Roxanne
 18253 | Shoals:2 | Reached skill level 5 in Stealth
 18297 | Shoals:2 | Got an ancient scale mail
 18299 | Shoals:2 | Identified the +1 scale mail of Qyomysob {rElec rPois MP+9 Dex-5} (You found it on level 2 of the Shoals)
 18384 | Shoals:2 | Reached XP level 15. HP: 52/113 MP: 6/23
 18609 | Shoals:2 | Received a gift from Nemelex Xobeh
 19159 | Shoals:3 | Received a gift from Nemelex Xobeh
 19205 | Shoals:3 | Reached skill level 10 in Fighting
 19550 | Shoals:3 | Received a gift from Nemelex Xobeh
 20045 | Shoals:3 | Noticed a kraken
 20199 | Shoals:4 | Entered Level 4 of the Shoals
 20204 | Shoals:4 | Noticed Ilsuiw
 20205 | Shoals:4 | Received a gift from Nemelex Xobeh
 20216 | Shoals:4 | HP: 3/120 [merfolk impaler/demon trident of freezing (7)]
 20216 | Shoals:4 | Slain by a merfolk impaler

Vault maps used:
D:1:      lightli_arrival_chessboard, serial_curves, eino_curves_02,
          eino_curves_01
D:2:      overflow_temple_1_default, marbit_many_paths, first_bread,
          minmay_misc_feat_roman, uniq_jessica
D:3:      minmay_joined_circles
D:5:      slow_altar_2, serial_shops, shop, okawaru_metal_pillars_1_2
D:6:      kennysheep_windowed_halls, serial_glass, glass_columns_a,
          glass_columns_a
D:7:      kennysheep_little_box
D:8:      basic_altar, uniq_joseph
D:9:      nicolae_ashenzari_panopticon, orc_0_dummy, hangedman_fish_farm
D:11:     lair_0_dummy, onia_ninara_dug_in_and_dangerous
Temple:   regret_index_temple_sphere_string
Lair:1:   grunt_megastairs_1
Lair:2:   shoals_dummy_entry
Lair:3:   lightli_volcano_entry_magma_tube
Lair:4:   spider_nest_entry_rubble, beast_lair_carwin_2
Lair:5:   infiniplex_staircase_pool_2
Lair:6:   due_jungle_book, minmay_slime_entry_pillars
Shoals:1: uniq_roxanne, uniq_louise
Shoals:2: nicolae_shoals_loop_pool
Shoals:4: shoals_end_grunt_ice, shoal_ilsuiw, hangedman_shoal_volcano
Orc:1:    basic_altar, uniq_fannar, uniq_josephine
Orc:2:    grunt_orc_tribal_feast, serial_shops, nicolae_shop_stone,
          nicolae_shop_stone, shop_statue, uniq_rupert

Skill      XL: |  1  2  3  4  5  6  7  8  9 10 11 12 13 14 15 |
---------------+----------------------------------------------+-----
Axes           | 3 4 5 6 8 10 12 13 14 15 | 15.5
Shields        | 4 5 9 |  9.5
Stealth        | 1 2 3 5 |  5.4
Fighting       | 4 5 7 8 9 11 | 11.9
Armour         | 4 5 6 8 9 10 | 10.0
Dodging        | 1 2 4 8 9 |  9.0
Invocations    | 1 3 5 7 9 11 | 11.8

Action                   |  1- 3 |  4- 6 |  7- 9 | 10-12 | 13-15 || total
-------------------------+-------+-------+-------+-------+-------++-------
Melee: War axe           |    84 |   233 |   409 |   154 |       ||   880
       Battleaxe         |       |       |       |   344 |   130 ||   474
       Executioner's axe |       |       |       |       |   585 ||   585
Throw: Throwing net      |       |       |       |     2 |       ||     2
Invok: Deal Four         |       |       |       |     1 |     3 ||     4
       Stack Five        |       |       |       |       |     2 ||     2
       Triple Draw       |       |       |       |       |     2 ||     2
 Abil: Dig               |       |     2 |       |       |     2 ||     4
Evoke: Deck              |       |       |     5 |    16 |    54 ||    75
       Wand              |       |       |     4 |     1 |     1 ||     6
  Use: Scroll            |       |     2 |     5 |    21 |    13 ||    41
       Potion            |       |       |     3 |     5 |    11 ||    19
 Stab: Sleeping          |       |       |     6 |    12 |     6 ||    24
       Distracted        |       |       |     3 |     1 |     5 ||     9
       Petrifying        |       |       |       |     1 |       ||     1
       Petrified         |       |       |       |     1 |       ||     1
       Confused          |       |       |       |       |     1 ||     1
  Eat: Chunk             |     2 |     6 |    13 |    23 |    24 ||    68
Armor: Scale mail        |    34 |    78 |    29 |       |       ||   141
       Troll leather arm |       |       |    96 |   103 |   192 ||   391
       Leather armour    |       |       |       |     9 |     2 ||    11
Dodge: Dodged            |    29 |    85 |   201 |   240 |   509 ||  1064
Block: Shield            |    49 |   134 |     6 |   105 |   515 ||   809
       Buckler           |       |       |    90 |    73 |       ||   163
